Map: Bel'Shir Vestige LE (Void)

Players

daydrA - Winner!

  • Race: Zerg Zerg
  • Spawn Location: 5:00

Nistic

  • Race: Zerg Zerg
  • Spawn Location: 11:00

Event: WCS Austin 2017

VOD

Have the link to the VOD?

Description

Time

  • Played on: April 28, 2017, 3:14 p.m.
  • Length: 5:20

All games in this series

Show
View Real Time Build Order
Export as new Build Order

daydrA Zerg - Winner!

Build Orders: Hatch First, Zergling Baneling 

Get SALT Encoding   

  12  0:01  Drone  
  13  0:13  Overlord  
  13  0:16  Drone  
  14  0:32  Drone x2  
  16  0:36  Drone  
  17  0:52  Hatchery  
  17  0:56  Drone  
  17  1:01  Drone  
  18  1:08  Extractor  
  17  1:16  Spawning Pool  
  16  1:21  Drone  
  16  1:22  Drone  
  18  1:31  Drone  
  19  1:39  Drone  
  20  1:51  Overlord  
  20  2:02  Queen  
  20  2:04  Queen  
  20  2:05  Zergling x4  
  26  2:10  Metabolic Boost  
  26  2:13  Drone  
  26  2:15  Drone  
  28  2:23  Drone  
  29  2:34  Drone, Baneling Nest  
  29  2:35  Drone  
  30  2:48  Hatchery  
  30  2:50  Drone  
  29  3:05  Spore Crawler  
  29  3:09  Drone x2  
  29  3:10  Drone x2, Overlord  
  33  3:19  Overlord  
  33  3:20  Zergling x6  
  33  3:25  Overlord  
  36  3:33  Zergling x6  
  39  3:38  Baneling x3  
  39  3:39  Zergling x2, Baneling  
  40  3:43  Baneling x2  
  40  3:44  Zergling x2  
  40  3:48  Zergling x4  
  43  3:50  Zergling x2  
  43  3:52  Zergling x2  
  45  3:55  Zergling x2  
  45  3:58  Zergling x2  
  47  4:03  Zergling x6  
  47  4:07  Overlord  
  49  4:11  Zergling x4  
  49  4:14  Zergling x2  
  51  4:17  Baneling x3  
  51  4:18  Zergling x2  
  51  4:21  Zergling x2  
  51  4:23  Zergling x2  
  53  4:25  Zergling x2  
  53  4:29  Zergling x2  
  53  4:30  Zergling x2  
  55  4:33  Zergling x2  
  55  4:36  Zergling x4  
  54  4:44  Zergling x8  
  53  4:46  Zergling x2  
  53  4:49  Zergling x2  
  53  4:55  Zergling x4  
  53  4:56  Baneling x2  
  53  4:57  Zergling x2  
  54  5:05  Drone  
  54  5:06  Drone  
  55  5:08  Drone  
Show
View Real Time Build Order
Export as new Build Order

Nistic Zerg 

Build Orders: Hatch First 

Get SALT Encoding   

  12  0:02  Drone  
  13  0:11  Drone  
  14  0:19  Overlord  
  14  0:24  Extractor  
  14  0:25  Drone  
  15  0:38  Drone x2  
  17  0:53  Hatchery  
  17  0:55  Drone  
  17  1:08  Extractor  
  16  1:12  Spawning Pool  
  16  1:13  Drone  
  16  1:16  Drone  
  17  1:21  Drone  
  18  1:33  Drone  
  18  1:39  Overlord  
  19  1:52  Drone  
  20  1:59  Queen  
  22  2:01  Zergling x2  
  22  2:04  Queen  
  22  2:05  Zergling x2  
  26  2:11  Drone, Metabolic Boost  
  27  2:17  Drone  
  27  2:22  Drone  
  29  2:28  Overlord  
  29  2:32  Baneling Nest  
  29  2:33  Drone  
  29  2:39  Queen  
  29  2:43  Drone  
  32  3:04  Drone  
  32  3:05  Drone x4  
  35  3:11  Zergling x2  
  35  3:12  Zergling x4  
  38  3:16  Zergling x6  
  40  3:20  Overlord  
  40  3:28  Evolution Chamber  
  40  3:29  Zergling x4  
  40  3:31  Baneling x2  
  41  3:49  Drone x4  
  41  3:50  Evolution Chamber  
  41  3:51  Drone  
  41  3:52  Drone x4  
  49  4:00  Drone x2  
  50  4:14  Zergling x4  
  50  4:15  Baneling x2  
  50  4:16  Baneling  
  49  4:17  Zergling x4  
  49  4:22  Zergling x2  
  52  4:29  Zergling x2  
  48  4:43  Queen  
  48  4:45  Zergling x6  
  43  4:52  Zergling x6  
  47  4:57  Zergling x2  
  37  5:03  Zergling x2  
Tags
 
Add a new tag
Caveats
  • Supply blocks, unpowered buildings, or Contaminate may cause inaccurate times.
  • Supply counts are checked every 10 seconds.